Map: Pillars of Gold LE

Players

HappyHour

  • Race: Zerg Zerg
  • League: Platinum
  • Spawn Location: 7:00

Slaight - Winner!

  • Race: Protoss Protoss
  • League: Platinum
  • Spawn Location: 1:00

VOD

Have the link to the VOD?

Description

Time

  • Played on: Aug. 14, 2020, 1:50 p.m.
  • Length: 6:22
Show
View Real Time Build Order
Export as new Build Order

HappyHour Zerg 

Build Orders: Hatch First 

Get SALT Encoding   

  12  0:01  Drone  
  13  0:12  Overlord  
  13  0:18  Drone  
  14  0:30  Drone  
  14  0:31  Drone  
  16  0:51  Hatchery  
  15  0:57  Drone  
  15  0:58  Drone  
  15  1:02  Drone  
  18  1:19  Spawning Pool  
  18  1:20  Drone  
  18  1:23  Drone  
  19  1:28  Extractor  
  19  1:30  Drone  
  19  1:40  Drone  
  20  1:51  Overlord  
  20  2:02  Drone  
  20  2:06  Drone  
  22  2:19  Drone x2  
  22  2:20  Queen  
  22  2:21  Queen  
  28  2:28  Drone x2  
  30  2:34  Drone  
  30  2:36  Overlord  
  31  2:45  Drone  
  31  2:49  Drone  
  33  2:58  Lair  
  33  3:05  Queen  
  33  3:11  Drone x3  
  33  3:12  Drone  
  39  3:14  Roach Warren  
  39  3:16  Evolution Chamber  
  37  3:20  Zergling x4  
  38  3:29  Drone x3  
  39  3:35  Extractor  
  39  3:38  Extractor  
  37  3:41  Overlord x2  
  37  3:42  Drone x3  
  40  3:53  Drone x2  
  42  4:02  Overseer  
  42  4:05  Drone x5  
  47  4:21  Roach x4  
  55  4:28  Hatchery  
  55  4:29  Glial Reconstitution  
  54  4:38  Drone x3  
  54  4:39  Drone x2  
  54  4:44  Extractor  
  58  4:54  Overlord x3  
  58  4:59  Drone x2  
  60  5:23  Hydralisk Den  
  59  5:28  Drone  
  59  5:29  Drone x9  
  69  5:43  Roach  
  69  5:44  Roach x2  
  75  5:51  Hydralisk x3  
  75  5:52  Hydralisk x3  
Show
View Real Time Build Order
Export as new Build Order

Slaight Protoss - Winner!

Build Orders: 1 Gate Expand 

Get SALT Encoding   

  12  0:01  Probe  
  13  0:13  Probe  
  14  0:19  Pylon  
  14  0:26  Assimilator  
  14  0:29  Probe  
  16  0:46  Gateway  
  16  0:47  Probe (Chrono Boost)  
  17  0:57  Probe (Chrono Boost)  
  17  1:02  Probe (Chrono Boost)  
  18  1:13  Probe (Chrono Boost)  
  19  1:26  Nexus  
  19  1:34  Probe  
  20  1:48  Cybernetics Core  
  20  1:50  Probe  
  20  1:54  Assimilator  
  21  1:57  Pylon  
  21  2:02  Probe  
  22  2:14  Probe  
  23  2:23  Adept (Chrono Boost)  
  23  2:26  Probe  
  26  2:36  Robotics Facility  
  26  2:38  Warp Gate  
  26  2:39  Probe  
  26  2:40  Probe  
  28  2:47  Stalker  
  30  2:51  Probe  
  30  2:55  Probe  
  32  3:03  Probe  
  32  3:05  Twilight Council  
  33  3:10  Probe  
  33  3:15  Probe  
  34  3:22  Probe  
  35  3:28  Probe  
  36  3:39  Immortal (Chrono Boost)  
  36  3:40  Probe x2  
  40  3:48  Pylon  
  40  3:52  Probe x2, Pylon  
  40  3:54  Charge  
  42  4:08  Immortal (Chrono Boost)  
  42  4:14  Pylon  
  46  4:26  Gateway x2  
  46  4:30  Gateway  
  46  4:37  Warp Prism (Chrono Boost)  
  46  4:44  Probe  
  49  4:48  Gateway  
  49  4:54  Gateway  
  49  5:05  Gateway  
  49  5:18  Stalker  
  51  5:39  Zealot x3  
  57  5:45  Zealot  
  57  5:49  Zealot x2  
  63  5:54  Pylon  
  63  5:56  Pylon  
  63  6:07  Zealot  
  63  6:08  Zealot x2  
Tags
 
Add a new tag
Caveats
  • Supply blocks, unpowered buildings, or Contaminate may cause inaccurate times.
  • Supply counts are checked every 10 seconds.